 Dungeon Crawl Stone Soup version 0.24.0-1-gfbc8707 (webtiles) character file.

Game seed: 16661544810817072410, levelgen mode: deterministic

315 Fang the Skirmisher (level 6, -1/39 HPs)
             Began as a Gargoyle Berserker on Nov 6, 2019.
             Was a Priest of Trog.
             Slain by a scorpion (3 damage)
             ... on level 4 of the Dungeon.
             The game lasted 00:05:38 (2327 turns).

Fang the Skirmisher (Gargoyle Berserker)            Turns: 2327, Time: 00:05:38

Health: -1/39      AC: 16    Str: 23    XL:     6   Next: 43%
Magic:  6/6        EV:  7    Int:  7    God:    Trog [***...]
Gold:   199        SH:  0    Dex:  9    Spells: 5/5 levels left

rFire    . . .     SeeInvis .   a - +0 hand axe
rCold    . . .     Gourm    .   (no shield)
rNeg     + . .     Faith    .   b - +0 plate armour
rPois    ∞         Spirit   .   (no helmet)
rElec    +         Reflect  .   (no cloak)
rCorr    .         Harm     .   (no gloves)
MR       .....                  (no boots)
Stlth    ..........             (no amulet)
HPRegen  0.13/turn              (no ring)
MPRegen  0.10/turn              (no ring)

@: berserk cooldown
A: negative energy resistance 1, electricity resistance, unbreathing,
petrification resistance, rot immunity, AC +4
a: Berserk, Trog's Hand, Renounce Religion


You were on level 4 of the Dungeon.
You worshipped Trog.
Trog was most pleased with you.
You were not hungry.

You visited 2 branches of the dungeon, and saw 5 of its levels.

You collected 199 gold pieces.

Inventory:

Hand Weapons
 a - a +0 hand axe (weapon)
Armour
 b - a +0 plate armour (worn)
Scrolls
 d - a scroll of fear {unknown}
 f - a scroll of blinking {unknown}
 j - a scroll of fog {unknown}
 k - 3 scrolls of identify {unknown}
 n - 3 scrolls of remove curse {unknown}
 p - 2 scrolls of amnesia {unknown}
 q - 2 scrolls of enchant weapon {unknown}
 s - 2 scrolls of immolation {unknown}
Potions
 e - 2 potions of mutation {unknown}
 g - 2 potions of lignification {unknown}
 h - 3 potions of agility {unknown}
 i - a potion of haste {unknown}
 l - a potion of invisibility {unknown}
 m - a potion of degeneration {unknown}
 o - a potion of curing {unknown}
 r - a potion of might {unknown}
Comestibles
 c - 11 rations


   Skills:
 + Level 4.7 Fighting
 + Level 4.0 Axes
 + Level 4.0 Armour
 + Level 2.9 Dodging


You had 5 spell levels left.
You didn't know any spells.
Your spell library was empty.

Dungeon Overview and Level Annotations

Branches:
Dungeon (4/15)             Temple (1/1) D:4

Altars:
Elyvilon
Vehumet
Yredelemnul


Innate Abilities, Weirdness & Mutations

You are resistant to torment.
Your stone body is resilient. (AC +4)
You are immune to poison.
You resist negative energy. (rN+)
You are resistant to electric shocks. (rElec)
You can survive without breathing.
You are immune to petrification.
You are immune to rotting.


Message History

You feel yourself speed up.
The scorpion stings you but does no damage.
The scorpion misses you.
You hit the scorpion but do no damage.
The scorpion is severely wounded.
The scorpion stings you but does no damage.
You hit the scorpion but do no damage.
The scorpion is severely wounded.
The scorpion stings you but does no damage.
You hit the scorpion.
The scorpion is almost dead.
The scorpion stings you but does no damage.
You closely miss the scorpion.
The scorpion is almost dead.
The scorpion stings you.
* * * LOW HITPOINT WARNING * * *
You closely miss the scorpion.
The scorpion is almost dead.
The scorpion stings you.
You die...

#'# ..###
#..#.# #_# .##
#..#.. #'# ##..
.. ... #.#
##.#.# #...##)
#.###..#.####
.....
#..#.........
....#
#.#.#........
#.# #
#.#..#.......#
. .
..###[)@.....<.
.. ##.
#.##s......# ##
# #.# #.......#
#. #.......# .
###.$.### !.
.#... #. ...#<#
#. #.##.# ..


You could see a scorpion.

Vanquished Creatures
  An ogre (D:4)
  An orc priest (D:4)
  A bullfrog skeleton (D:4)
  A centaur skeleton (D:4)
  A worker ant (D:4)
  2 adders (D:2)
  2 oozes
  4 worms
  2 dart slugs (D:1)
  5 orcs
  6 ball pythons
  7 giant cockroaches
  10 goblins
  8 hobgoblins
  A quokka (D:2)
  12 bats
  4 frilled lizards
  6 kobolds
  A leopard gecko skeleton (D:4)
  6 rats
81 creatures vanquished.

Notes
Turn   | Place    | Note
-------+----------+-------------------------------------------
     0 | D:1      | Fang the Gargoyle Berserker began the quest for the Orb.
     0 | D:1      | Reached XP level 1. HP: 14/14 MP: 1/1
    60 | D:1      | Reached XP level 2. HP: 18/19 MP: 2/2
   331 | D:1      | Reached XP level 3. HP: 22/23 MP: 3/3
   551 | D:1      | Reached ** piety under Trog
   963 | D:2      | Reached XP level 4. HP: 18/29 MP: 4/4
  1272 | D:2      | Found a white marble altar of Elyvilon.
  1337 | D:2      | Found a basalt altar of Yredelemnul.
  1558 | D:3      | Reached *** piety under Trog
  2053 | D:4      | Reached XP level 5. HP: 32/33 MP: 5/5
  2119 | D:4      | Found a staircase to the Ecumenical Temple.
  2124 | D:4      | Noticed an ogre
  2129 | D:4      | Killed an ogre
  2129 | D:4      | Reached XP level 6. HP: 39/39 MP: 6/6
  2184 | Temple   | Entered the Ecumenical Temple
  2254 | D:4      | Found a radiant altar of Vehumet.
  2318 | D:4      | HP: 1/39 [scorpion (5)]
  2327 | D:4      | Slain by a scorpion

Levels and vault maps discovered:
D:1:      giann_wishing_wells, layout_basic, minmay_shallow_snake_nest
D:2:      layout_rooms, kennysheep_ying_yang, first_ration, hex_tiny,
          minmay_small_reverse_x
D:3:      layout_basic, minmay_misc_feat_enclosed
D:4:      cheibrodos_old_hovel, layout_loops_ring, overflow_temple_1_default,
          kennysheep_mini_moat, minmay_temple_entry_ruins, serial_shops,
          nicolae_shop_stone
Temple:   jpeg_temple_clearing

Skill      XL: |  1  2  3  4  5  6 |
---------------+-------------------+-----
Axes           | 3 4 |  4.0
Dodging        | 2 |  2.9
Armour         | 3 4 |  4.0
Fighting       | 4 |  4.7

Action                   |  1- 3 |  4- 6 || total
-------------------------+-------+-------++-------
Melee: Hand axe          |   118 |   193 ||   311
Invok: Berserk           |       |     2 ||     2
       Trog's Hand       |       |     1 ||     1
  Eat: Chunk             |       |     4 ||     4
       Ration            |       |     1 ||     1
Armor: Animal skin       |     6 |       ||     6
       Plate armour      |    93 |   151 ||   244
Dodge: Dodged            |    49 |    92 ||   141
